Map: Ulrena

Players

Casic

  • Race: Zerg Zerg
  • League: Platinum

pupu - Winner!

  • Race: Protoss Protoss
  • League: Gold

VOD

Have the link to the VOD?

Description

Time

  • Played on: April 16, 2016, 8:20 a.m.
  • Length: 8:35
Show
View Real Time Build Order
Export as new Build Order

Casic Zerg 

Build Orders: Hatch First, Ravager All-In 

Get SALT Encoding   

  12  0:01  Drone  
  13  0:13  Drone  
  14  0:17  Overlord  
  14  0:35  Drone  
  14  0:36  Drone  
  14  0:37  Drone  
  17  0:46  Drone  
  18  1:00  Hatchery  
  18  1:03  Drone  
  18  1:12  Drone  
  18  1:17  Spawning Pool  
  18  1:21  Extractor  
  17  1:33  Drone x2  
  19  1:41  Drone  
  19  1:46  Extractor  
  19  1:56  Drone  
  20  2:06  Zergling x2  
  21  2:11  Queen  
  21  2:12  Queen  
  21  2:15  Zergling x2  
  26  2:16  Zergling x2  
  26  2:22  Metabolic Boost  
  27  2:27  Drone  
  28  2:40  Overlord  
  28  2:46  Roach Warren  
  24  3:21  Drone x3  
  24  3:24  Drone x5  
  24  3:25  Drone  
  33  3:34  Roach  
  33  3:38  Overlord x2  
  35  3:56  Roach x5  
  35  3:59  Roach  
  35  4:02  Ravager  
  48  4:06  Drone x3  
  48  4:09  Drone  
  52  4:20  Overlord x2  
  52  4:38  Ravager x4  
  56  4:40  Ravager x2  
  56  4:43  Roach  
  56  4:44  Roach  
  62  4:47  Zergling x2  
  62  4:48  Zergling x10  
  68  5:03  Overlord x2  
  37  5:55  Zergling x2  
  37  5:56  Zergling x16  
  46  6:05  Lair  
  46  6:25  Extractor, Drone  
  45  6:26  Extractor, Drone x4  
  49  6:34  Hatchery  
  48  6:40  Drone  
  48  6:41  Drone x7  
  55  7:13  Spore Crawler  
  55  7:15  Spore Crawler  
  53  7:17  Spine Crawler  
  53  7:18  Spine Crawler  
  53  7:19  Spine Crawler  
  53  7:21  Spine Crawler  
  49  7:25  Hydralisk Den  
  38  8:10  Zergling x2  
  38  8:11  Zergling x12  
  44  8:13  Zergling x4  
Show
View Real Time Build Order
Export as new Build Order

pupu Protoss - Winner!

Build Orders:  

Get SALT Encoding   

  12  0:01  Probe (Chrono Boost)  
  13  0:11  Probe (Chrono Boost)  
  14  0:19  Pylon  
  14  0:22  Probe (Chrono Boost)  
  15  0:38  Probe (Chrono Boost)  
  15  0:39  Gateway  
  16  0:48  Probe (Chrono Boost)  
  17  0:58  Assimilator  
  17  0:59  Probe (Chrono Boost)  
  17  1:01  Assimilator  
  18  1:09  Probe (Chrono Boost)  
  19  1:20  Probe (Chrono Boost)  
  20  1:31  Probe (Chrono Boost)  
  20  1:39  Cybernetics Core  
  20  1:46  Probe (Chrono Boost)  
  21  1:48  Zealot  
  23  1:54  Pylon  
  23  2:12  Probe (Chrono Boost)  
  24  2:17  Nexus, Warp Gate (Chrono Boost)  
  24  2:23  Probe (Chrono Boost)  
  25  2:33  Probe (Chrono Boost)  
  25  2:34  Stargate  
  26  2:41  Adept  
  28  2:45  Probe  
  29  2:57  Mothership Core  
  31  3:29  Probe, Pylon, Adept  
  31  3:30  Probe  
  31  3:32  Pylon  
  35  3:39  Void Ray (Chrono Boost)  
  35  3:40  Pylon  
  39  3:45  Probe x2  
  41  3:58  Gateway  
  41  4:02  Gateway  
  41  4:04  Probe (Chrono Boost)  
  41  4:05  Probe (Chrono Boost)  
  43  4:13  Void Ray  
  43  4:23  Probe (Chrono Boost)  
  43  4:24  Probe (Chrono Boost)  
  49  4:28  Assimilator  
  49  4:34  Probe (Chrono Boost)  
  49  4:36  Probe (Chrono Boost)  
  51  4:44  Probe (Chrono Boost)  
  52  4:48  Probe (Chrono Boost)  
  52  4:51  Adept  
  52  4:52  Void Ray  
  55  4:55  Probe (Chrono Boost)  
  59  5:00  Probe (Chrono Boost)  
  59  5:01  Protoss Air Weapons Level 1  
  59  5:05  Stalker  
  50  5:36  Stalker  
  50  5:37  Stalker x2  
  46  5:53  Probe (Chrono Boost)  
  46  5:54  Probe (Chrono Boost), Void Ray  
  52  6:06  Probe (Chrono Boost)  
  52  6:08  Stalker x3  
  60  6:11  Probe (Chrono Boost)  
  61  6:19  Probe (Chrono Boost), Forge  
  61  6:22  Probe (Chrono Boost), Pylon  
  62  6:31  Probe (Chrono Boost)  
  62  6:32  Probe (Chrono Boost)  
  64  6:43  Probe x2 (Chrono Boost)  
  66  6:53  Probe (Chrono Boost), Void Ray  
  68  6:55  Probe (Chrono Boost)  
  72  7:09  Gateway  
  72  7:10  Pylon  
  72  7:12  Pylon  
  72  7:17  Assimilator  
  72  7:18  Probe  
  73  7:35  Stalker x3  
  67  8:17  Adept x3  
  73  8:33  Photon Cannon  
  73  8:35  Photon Cannon  
Tags
 
Add a new tag
Caveats
  • Supply blocks, unpowered buildings, or Contaminate may cause inaccurate times.
  • Supply counts are checked every 10 seconds.